Map: Ruins of Seras

Players

thegovernor

  • Race: Protoss Protoss
  • League: Silver

Solipsis - Winner!

  • Race: Terran Terran
  • League: Silver

VOD

Have the link to the VOD?

Description

Time

  • Played on: Dec. 4, 2015, 5:26 a.m.
  • Length: 10:55
Show
View Real Time Build Order
Export as new Build Order

thegovernor Protoss 

Build Orders:  

Get SALT Encoding   

  12  0:01  Probe (Chrono Boost)  
  13  0:17  Pylon  
  13  0:20  Probe (Chrono Boost)  
  14  0:30  Probe (Chrono Boost)  
  15  0:38  Forge  
  15  0:48  Gateway  
  15  1:02  Pylon  
  15  1:03  Probe (Chrono Boost)  
  16  1:09  Assimilator  
  16  1:13  Probe (Chrono Boost)  
  16  1:16  Assimilator  
  17  1:31  Photon Cannon  
  17  1:35  Probe (Chrono Boost)  
  18  1:41  Cybernetics Core  
  18  1:46  Probe (Chrono Boost)  
  19  1:50  Pylon  
  19  1:56  Probe (Chrono Boost)  
  20  2:26  Probe (Chrono Boost)  
  21  2:38  Probe (Chrono Boost)  
  22  2:49  Probe (Chrono Boost), Nexus  
  23  2:58  Photon Cannon  
  23  2:59  Probe (Chrono Boost)  
  24  3:09  Photon Cannon  
  24  3:10  Probe (Chrono Boost)  
  25  3:20  Probe (Chrono Boost)  
  26  3:28  Stargate  
  26  3:30  Pylon  
  27  3:34  Probe (Chrono Boost)  
  27  3:45  Probe (Chrono Boost)  
  27  3:55  Probe (Chrono Boost)  
  27  4:06  Probe (Chrono Boost)  
  22  4:42  Probe (Chrono Boost)  
  20  4:53  Probe (Chrono Boost)  
  9  5:17  Oracle (Chrono Boost)  
  5  6:12  Probe  
  6  6:23  Probe (Chrono Boost)  
  7  6:35  Probe (Chrono Boost)  
  8  6:46  Probe (Chrono Boost)  
  9  6:56  Probe (Chrono Boost)  
  10  7:05  Probe (Chrono Boost)  
  10  7:07  Probe (Chrono Boost)  
  12  7:17  Probe (Chrono Boost)  
  12  7:20  Probe (Chrono Boost)  
  14  7:28  Probe (Chrono Boost)  
  15  7:30  Probe (Chrono Boost)  
  16  7:38  Probe (Chrono Boost)  
  16  7:41  Probe (Chrono Boost)  
  13  8:53  Pylon  
  13  9:01  Probe (Chrono Boost)  
  14  9:12  Probe (Chrono Boost)  
  15  9:18  Photon Cannon  
  15  9:22  Probe (Chrono Boost)  
  16  9:46  Void Ray (Chrono Boost)  
  19  10:01  Probe  
  20  10:11  Probe  
  21  10:20  Pylon  
  21  10:24  Probe  
  22  10:30  Probe (Chrono Boost)  
  23  10:36  Probe (Chrono Boost)  
  23  10:42  Probe (Chrono Boost)  
  25  10:49  Photon Cannon  
Show
View Real Time Build Order
Export as new Build Order

Solipsis Terran - Winner!

Build Orders:  

Get SALT Encoding   

  12  0:01  SCV  
  13  0:13  SCV  
  14  0:18  Supply Depot  
  14  0:25  SCV  
  15  0:32  Refinery  
  15  0:40  SCV  
  16  0:47  Barracks  
  16  0:52  SCV  
  17  1:00  Refinery  
  17  1:12  SCV, Supply Depot  
  18  1:24  SCV  
  19  1:35  Reaper  
  21  1:40  SCV  
  21  1:50  Factory  
  21  1:56  SCV  
  22  2:08  SCV  
  24  2:15  Reaper  
  24  2:20  SCV  
  25  2:33  SCV  
  25  2:36  Hellion  
  27  2:42  Starport  
  27  2:47  Reaper  
  27  3:16  Factory Reactor  
  27  3:19  Reaper  
  28  3:21  Command Center  
  29  3:27  Orbital Command  
  29  3:29  Starport Tech Lab  
  28  3:57  Reaper  
  28  3:59  Hellion  
  31  4:33  Banshee, Hellion, Reaper  
  37  4:45  SCV x2  
  39  4:57  SCV x2  
  42  5:09  SCV x2, Cloaking Field  
  44  5:18  Barracks x2  
  43  5:47  Supply Depot  
  43  5:49  Supply Depot  
  43  5:50  Engineering Bay  
  43  5:53  Engineering Bay  
  41  6:20  Missile Turret x2  
  41  6:24  SCV x2  
  41  6:25  Missile Turret  
  43  6:35  Missile Turret  
  43  6:36  SCV x2  
  45  6:46  Missile Turret  
  45  6:47  Missile Turret  
  45  6:48  SCV x2  
  45  6:52  High Capacity Fuel Tanks  
  45  6:53  Barracks Reactor  
  47  6:55  Barracks Tech Lab  
  47  6:56  Missile Turret  
  47  6:57  Terran Infantry Weapons Level 1  
  47  6:58  Terran Infantry Armor Level 1, Barracks  
  47  7:03  Armory  
  47  7:04  Supply Depot  
  47  7:06  Supply Depot  
  47  7:12  Barracks  
  47  7:18  SCV x2  
  47  7:20  Missile Turret  
  49  7:26  Supply Depot  
  49  7:29  Supply Depot  
  49  7:30  SCV x2  
  49  7:32  Marine x2  
  49  7:33  Marine x2, Marauder  
  57  7:43  Missile Turret  
  57  7:50  Medivac  
  59  7:54  Marauder  
  61  8:18  Marine x3  
  61  8:19  Marauder, Marine x3  
  69  8:20  Orbital Command  
  69  8:40  Marauder  
  71  8:47  Combat Shields  
  71  8:50  Barracks Tech Lab  
  71  8:51  Barracks Reactor  
  71  8:53  Starport Reactor  
  71  9:01  Marauder  
  73  9:04  SCV x2  
  73  9:08  Command Center  
  75  9:15  Marine x2  
  75  9:16  Marine x2  
  75  9:17  Marine  
  86  9:28  Hellbat  
  82  9:31  Concussive Shells  
  82  9:36  Medivac x2  
  82  9:37  Marine x2  
  82  9:38  Marine x2  
  90  9:49  Hellbat  
  89  10:04  Marine x3  
  89  10:05  Marauder  
  94  10:12  Supply Depot  
  94  10:15  Supply Depot  
  94  10:16  Supply Depot, Refinery x2  
  94  10:17  Supply Depot  
  94  10:19  Marine x3  
  94  10:20  Marauder  
  99  10:21  Orbital Command  
  99  10:22  Marine x3  
  99  10:23  SCV  
  99  10:24  SCV  
  99  10:26  Marauder  
  106  10:37  Marine x2  
  106  10:39  Supply Depot  
Tags
 
Add a new tag
Caveats
  • Supply blocks, unpowered buildings, or Contaminate may cause inaccurate times.
  • Supply counts are checked every 10 seconds.